Map: [ESL] Alcyone

Players

DRG

  • Race: Zerg Zerg
  • Spawn Location: 1:00

ByuN - Winner!

  • Race: Terran Terran
  • Spawn Location: 7:00

VOD

Have the link to the VOD?

Description

Time

  • Played on: Nov. 27, 2023, 3:11 a.m.
  • Length: 6:25
Show
View Real Time Build Order
Export as new Build Order

DRG Zerg 

Build Orders: Hatch First 

Get SALT Encoding   

  12  0:00  Drone  
  13  0:11  Overlord  
  13  0:17  Drone  
  14  0:30  Drone x2  
  16  0:48  Hatchery  
  15  0:52  Drone  
  15  0:55  Drone  
  17  0:58  Drone  
  18  1:09  Extractor  
  17  1:13  Spawning Pool  
  17  1:17  Drone  
  17  1:20  Drone  
  18  1:28  Drone  
  19  1:38  Drone  
  20  1:48  Drone  
  21  2:00  Zergling x2, Queen x2  
  21  2:01  Zergling x2  
  27  2:10  Overlord  
  27  2:11  Zergling x2  
  27  2:12  Metabolic Boost  
  28  2:30  Drone  
  28  2:31  Drone x2  
  28  2:33  Drone  
  28  2:35  Queen  
  34  2:44  Overlord  
  34  2:45  Zergling x2  
  35  2:54  Overlord  
  35  2:56  Zergling x2  
  36  3:05  Drone  
  37  3:06  Drone  
  37  3:09  Hatchery, Drone x2  
  37  3:11  Drone  
  40  3:16  Drone  
  40  3:18  Queen  
  43  3:21  Drone  
  44  3:27  Queen  
  44  3:31  Overlord  
  46  3:35  Drone  
  46  3:38  Drone  
  48  3:44  Drone x4  
  52  3:49  Overlord  
  52  3:51  Drone x2  
  54  3:56  Queen  
  54  4:00  Extractor  
  54  4:02  Drone x3  
  58  4:05  Queen  
  60  4:14  Drone x2  
  62  4:19  Drone x3  
  62  4:20  Drone x3  
  62  4:23  Overlord  
  68  4:28  Evolution Chamber  
  68  4:29  Evolution Chamber  
  66  4:32  Overlord  
  66  4:38  Overlord  
  66  4:42  Drone x3  
  66  4:43  Drone  
  71  4:45  Drone  
  71  4:46  Queen  
  71  4:48  Drone  
  71  4:49  Overlord  
  74  4:55  Drone x5  
  74  4:57  Drone  
  80  5:00  Drone x3  
  83  5:08  Overlord  
  83  5:11  Drone  
  84  5:14  Drone  
  84  5:18  Hatchery  
  84  5:21  Lair  
  84  5:26  Zergling x10  
  89  5:30  Zergling x6  
  89  5:33  Extractor  
  89  5:34  Extractor  
  90  5:36  Zergling x8  
  90  5:38  Drone  
  90  5:40  Overlord  
  90  5:41  Baneling Nest  
  94  5:44  Zergling x2  
  94  5:46  Queen  
  96  5:50  Zergling x4  
  97  6:01  Zergling x6  
  85  6:05  Zergling x10  
Show
View Real Time Build Order
Export as new Build Order

ByuN Terran - Winner!

Build Orders:  

Get SALT Encoding   

  12  0:00  SCV  
  13  0:12  SCV  
  14  0:17  Supply Depot  
  14  0:24  SCV  
  15  0:39  SCV, Barracks  
  16  0:42  Refinery  
  16  0:51  SCV  
  17  1:00  Barracks  
  17  1:03  SCV  
  18  1:15  SCV  
  19  1:26  Reaper  
  19  1:27  Orbital Command  
  19  1:32  Supply Depot  
  20  1:47  Reaper  
  20  1:53  SCV  
  22  2:01  Reaper  
  22  2:05  SCV  
  24  2:10  Command Center  
  24  2:17  SCV  
  24  2:18  Refinery  
  25  2:26  Marine  
  25  2:29  SCV  
  27  2:33  Marine  
  28  2:41  SCV  
  29  2:45  Factory  
  29  2:53  SCV  
  29  2:55  Barracks Reactor  
  30  3:05  SCV, Command Center  
  29  3:09  Barracks Tech Lab  
  30  3:18  SCV  
  31  3:22  Orbital Command  
  31  3:30  SCV  
  31  3:33  Stimpack  
  32  3:36  Hellion  
  32  3:37  Hellion  
  36  3:42  SCV, Barracks Reactor  
  36  3:45  Marine  
  38  3:48  SCV  
  38  3:54  SCV  
  40  3:58  Hellion x2  
  40  4:00  SCV  
  45  4:03  Starport  
  45  4:06  SCV  
  46  4:16  SCV, Marine  
  48  4:18  SCV, Marine x2  
  48  4:19  Hellion x2  
  55  4:24  Orbital Command  
  55  4:27  Supply Depot  
  55  4:30  SCV  
  55  4:31  SCV  
  57  4:35  Marine  
  57  4:36  Marine x2  
  60  4:42  SCV  
  60  4:43  Supply Depot  
  61  4:49  SCV  
  61  4:50  Armory  
  61  4:52  Medivac  
  64  4:53  Medivac  
  64  4:54  SCV  
  64  4:57  Marine x2  
  69  5:04  Marine  
  69  5:06  Supply Depot  
  71  5:08  SCV x2  
  72  5:15  Engineering Bay  
  72  5:16  Engineering Bay  
  72  5:20  Orbital Command  
  73  5:25  SCV x2  
  73  5:28  Marine x3  
  75  5:29  Factory Reactor  
  77  5:36  Barracks  
  77  5:37  SCV x2  
  77  5:40  Starport Reactor, Refinery  
  77  5:41  Refinery  
  79  5:46  Marine x3  
  82  5:54  SCV  
  82  6:00  SCV  
  82  6:04  SCV, Marine x3  
  78  6:06  SCV  
  79  6:12  SCV  
  79  6:17  Barracks  
  81  6:18  Barracks  
Tags
 
Matchup
TvZ
Player
ByuNDRG
Replay Pack
December 2023
Spawn Locations
Cross Positions
Add a new tag
Caveats
  • Supply blocks, unpowered buildings, or Contaminate may cause inaccurate times.
  • Supply counts are checked every 10 seconds.